 Dungeon Crawl Stone Soup version 0.29.1-2-gbd0b4ee654 (webtiles) character file.

Game seed: 229619286872533666

48 safid the Shooter (level 3, 0/33 HPs)
             Began as a Minotaur Hunter on Nov 1, 2022.
             Frozen to death by an endoplasm (1 damage)
             ... on level 2 of the Dungeon.
             The game lasted 00:01:16 (893 turns).

safid the Shooter (Minotaur Hunter)                  Turns: 893, Time: 00:01:16

Health: 0/33       AC:  4    Str: 15    XL:     3   Next: 50%
Magic:  2/2        EV: 12    Int:  6    God:
Gold:   41         SH:  0    Dex: 15    Spells: 2/2 levels left

rFire   . . .      SeeInvis .   a - +0 shortbow
rCold   . . .      Faith    .   (shield currently unavailable)
rNeg    . . .      Spirit   .   c - +0 leather armour
rPois   .          Reflect  .   (helmet restricted)
rElec   .          Harm     .   (no cloak)
rCorr   .          Rampage  .   (no gloves)
Will    .....                   l - +0 pair of boots
Stlth   +.........              (no amulet)
HPRegen 0.11/turn               (no ring)
MPRegen 0.08/turn               (no ring)

@: slowed, very slow
A: horns 2, retaliatory headbutt
a: no special abilities


You were on level 2 of the Dungeon.
You visited 1 branch of the dungeon, and saw 2 of its levels.

You collected 41 gold pieces.

Inventory:

Hand Weapons
 a - a +0 shortbow (weapon)
Armour
 c - a +0 leather armour (worn)
 l - a +0 pair of boots (worn)
Scrolls
 d - a scroll of brand weapon {unknown}
 f - a scroll of noise {unknown}
 g - a scroll of fear {unknown}
 h - a scroll of acquirement {unknown}
 j - 2 scrolls of teleportation {unknown}
Potions
 e - a potion of curing {unknown}
 k - 4 potions of haste {unknown}


   Skills:
 + Level 3.7 Fighting
 + Level 5.1 Ranged Weapons
 - Level 2.1 Dodging
 - Level 0.7 Stealth


You had 2 spell levels left.
You didn't know any spells.
Your spell library was empty.

Dungeon Overview and Level Annotations

Branches:
Dungeon (2/15)

Altars:

Shops:
D:1 [


Innate Abilities, Weirdness & Mutations

You have a pair of horns on your head.
You reflexively headbutt those who attack you in melee.


Message History

You are frozen.
* * * LOW HITPOINT WARNING * * *
Natasha casts a spell at you.
You feel yourself slow down. The endoplasm closely misses you.
Unknown command.
Unknown command.
Fire: a) +0 shortbow
Press: ? - help, Q - select action Shift-Dir - straight line, f/p - Natasha
Aim: Natasha (severely wounded, 53% to hit)
You shoot an arrow. The arrow hits Natasha.
Natasha is almost dead.
Natasha closely misses you. You furiously retaliate!
You headbutt Natasha.
You kill Natasha!
Natasha growls in agony!
The endoplasm hits you but does no damage.
The endoplasm freezes you.
You are frozen.
* * * LOW HITPOINT WARNING * * *
Your Ranged Weapons skill increases to level 5!
You have reached level 3!
Your experience leads to an increase in your attributes!
Increase (S)trength, (I)ntelligence, or (D)exterity?
You feel agile. x2
Unknown command.
Fire: a) +0 shortbow
Press: ? - help, Q - select action Shift-Dir - straight line, f - endoplasm
Aim: an endoplasm (moderately wounded, 86% to hit)
You shoot an arrow. The arrow barely misses the endoplasm.
The endoplasm misses you. The endoplasm freezes you.
You are frozen.
* * * LOW HITPOINT WARNING * * *
Fire: a) +0 shortbow
Press: ? - help, Q - select action Shift-Dir - straight line, f/p - endoplasm
Aim: an endoplasm (moderately wounded, 86% to hit)
You shoot an arrow. The arrow hits the endoplasm.
The endoplasm is severely wounded.
The endoplasm freezes you.
You are frozen.
You die...

# #.
##..#######
#.........#
#.........#
#.$....@..#
#.......J.#
#.........#
#...........
#############


You could see an endoplasm.

Vanquished Creatures
  Natasha (D:2)
  A dart slug (D:1)
  A goblin (D:1)
  A hobgoblin (D:1)
  3 jackals (D:1)
  A quokka (D:1)
  2 ball pythons (D:1)
  3 bats (D:1)
  2 frilled lizards (D:1)
  5 kobolds (D:1)
  3 rats (D:1)
23 creatures vanquished.

Notes
Turn   | Place    | Note
-------+----------+-------------------------------------------
     0 | D:1      | safid the Minotaur Hunter began the quest for the Orb.
     0 | D:1      | Reached XP level 1. HP: 18/18 MP: 0/0
   107 | D:1      | Found Paocuamn's Antique Armour Boutique.
   109 | D:1      | Reached XP level 2. HP: 25/25 MP: 1/1
   883 | D:2      | Noticed Natasha
   885 | D:2      | Noticed a crimson imp
   891 | D:2      | Killed Natasha
   891 | D:2      | HP: 1/26 [frozen (1)]
   892 | D:2      | Reached skill level 5 in Ranged Weapons
   892 | D:2      | Reached XP level 3. HP: 2/33 MP: 2/2
   893 | D:2      | Frozen to death by an endoplasm

Illustrated notes

Levels and vault maps discovered:
D:1:      ncdulo_halloftheorcs, layout_loops_ring, serial_shops,
          nicolae_shop_statue_plus
D:2:      layout_rooms, serial_shops, shop, basic_altar, uniq_natasha,
          uniq_terence, uniq_crazy_yiuf_cottage

Skill      XL: |  1  2 |
---------------+-------+-----
Fighting       | 3 |  3.7
Ranged Weapons | 5 |  5.1
Dodging        | |  2.1
Stealth        | |  0.7

Action                   || total
-------------------------++-------
 Fire: Shortbow          ||    61
Armor: Leather armour    ||     8
Dodge: Dodged            ||    22
